 Dungeon Crawl Stone Soup version 0.25.0-9-g26727b657a (webtiles) character file.

Game seed: 6352533613218299506

23 Esekla the Grasshopper (level 2, 0/16 HPs)
             Began as a Deep Elf Warper on June 20, 2020.
             Slain by an adder (4 damage)
             ... on level 3 of the Dungeon.
             The game lasted 00:04:36 (969 turns).

Esekla the Grasshopper (Deep Elf Warper)             Turns: 969, Time: 00:04:37

Health: 0/16       AC:  0    Str:  8    XL:     2   Next: 75%
Magic:  6/8        EV: 13    Int: 17    God:
Gold:   27         SH:  0    Dex: 14    Spells: 3/7 levels left

rFire    . . .     SeeInvis .   a - +0 falchion
rCold    . . .     Gourm    .   (no shield)
rNeg     . . .     Faith    .   (no armour)
rPois    .         Spirit   .   (no helmet)
rElec    .         Reflect  .   (no cloak)
rCorr    .         Harm     .   (no gloves)
MR       +....                  (no boots)
Stlth    +.........             (no amulet)
HPRegen  0.05/turn              i - ring of protection from magic
MPRegen  0.11/turn              (no ring)

@: lethally poisoned (0 -> -12)
A: no striking features
a: no special abilities


You were on level 3 of the Dungeon.
You were not hungry.

You visited 1 branch of the dungeon, and saw 3 of its levels.

You collected 27 gold pieces.

Inventory:

Hand Weapons
 a - a +0 falchion (weapon)
Missiles
 e - 5 boomerangs of dispersal (quivered)
Jewellery
 i - a ring of protection from magic (left hand)
Scrolls
 b - a scroll of identify {unknown}
 c - 2 scrolls of noise {unknown}
 d - a scroll of blinking
 g - a scroll of enchant armour {unknown}
Potions
 h - a potion of heal wounds {unknown}
Comestibles
 f - 3 rations


   Skills:
 - Level 1.5 Fighting
 * Level 2.5 Long Blades
 + Level 1.0 Throwing
 - Level 0.7 Armour
 * Level 2.9 Dodging
 + Level 3.1 Spellcasting
 * Level 0.4 Charms
 + Level 3.4 Translocations


You had 3 spell levels left.
You knew the following spells:

 Your Spells              Type           Power        Failure   Level  Hunger
a - Shroud of Golubria    Chrm/Tloc      #.....       12%         2    ##.....
b - Blink                 Tloc           N/A          6%          2    ##.....

Your spell library contained the following spells:

 Spells                   Type           Power        Failure   Level  Hunger
 Gell's Gravitas          Tloc           ##........   13%         3    ###....
 Lesser Beckoning         Tloc           ##........   13%         3    ###....
 Teleport Other           Tloc           ##......     13%         3    ###....
 Passage of Golubria      Tloc           N/A          38%         4    ####...


Dungeon Overview and Level Annotations

Branches:
Dungeon (3/15)

Altars:


Message History

Your shroud bends the adder's attack away. x2
You miss the adder.
The adder is heavily wounded.
You feel sick. The adder misses you.
You miss the adder.
The adder is heavily wounded.
The adder closely misses you. The adder bites you.
You are lethally poisoned!
The adder poisons you!
Casting: Shroud of Golubria (safe; 12% risk of failure)
Confirm with . or Enter, or press ? or * to list all spells.
Okay, then.
You hit the adder.
The adder is severely wounded.
* * * LOW HITPOINT WARNING * * *
You feel sick. The adder barely misses you.
You closely miss the adder.
The adder is severely wounded.
The adder bites you.
You die...

### #########
#.......####
#.###......#
##.###.#.##.#
....<..#.##.######
##.##..#.........#
#.##..#.##.####@#
#....†.....# #S#
####.##.#.## #.#
#....#.# ...
#####.####.##.....
..#............#.##
#.#....†...##..#..
..#......### ..#..
###.......(.


You could see an adder.

Vanquished Creatures
  An adder (D:3)
  A dart slug (D:2)
  A leopard gecko (D:3)
  A giant cockroach (D:2)
  A hobgoblin (D:2)
  A ball python (D:3)
  A frilled lizard (D:3)
  2 goblins (D:2)
  2 kobolds
  3 rats
14 creatures vanquished.

Notes
Turn   | Place    | Note
-------+----------+-------------------------------------------
     0 | D:1      | Esekla the Deep Elf Warper began the quest for the Orb.
     0 | D:1      | Reached XP level 1. HP: 12/12 MP: 6/6
   388 | D:2      | Reached XP level 2. HP: 14/16 MP: 8/8
   396 | D:2      | Learned a level 2 spell: Shroud of Golubria
   399 | D:2      | Learned a level 2 spell: Blink
   969 | D:3      | Slain by an adder

Illustrated notes

Levels and vault maps discovered:
D:1:      minmay_arrival_up_and_down, layout_basic, lemuel_old_faithful
D:2:      layout_basic, first_ration, kennysheep_jessica_study, uniq_natasha,
          uniq_robin
D:3:      layout_loops_cross, uniq_ijyb, uniq_terence

Skill      XL: |  1 |
---------------+----+-----
Long Blades    | 2 |  2.5
Fighting       | |  1.5
Throwing       | |  1.0
Armour         | |  0.7
Dodging        | |  2.9
Spellcasting   | |  3.1
Charms         | |  0.4
Translocations | |  3.4

Action                   || total
-------------------------++-------
Melee: Falchion          ||    43
 Cast: Shroud of Golubri ||     5
 Stab: Sleeping          ||     2
Dodge: Dodged            ||    29
       Rpst.: Falchion   ||     4
